 Dungeon Crawl Stone Soup version 0.26-a0-812-g31a745ddcd (webtiles) character file.

Game seed: 4321973511323827686

1365 Lanoc the Nimble (level 8, -6/54 HPs)
             Began as a Spriggan Necromancer on Nov 24, 2020.
             Was an Elder of Lugonu.
             Mangled by an orc warrior
             ... wielding a +0 long sword
              (12 damage)
             ... on level 6 of the Dungeon.
             The game lasted 00:13:32 (7610 turns).

Lanoc the Nimble (Spriggan Necromancer)             Turns: 7610, Time: 00:13:33

Health: -6/54      AC: 24    Str:  4    XL:     8   Next: 38%
Magic:  2/13       EV:  4    Int: 18    God:    Lugonu [****..]
Gold:   244        SH:  0    Dex: 17    Spells: 3/12 levels left

rFire    + . .     SeeInvis +   q - +1 short sword (flame)
rCold    + . .     Faith    .   (shield restricted)
rNeg     + + +     Spirit   .   (armour currently unavailable)
rPois    +         Reflect  .   (helmet currently unavailable)
rElec    .         Harm     .   (cloak currently unavailable)
rCorr    .         Rampage  .   (gloves unavailable)
MR       +....     NoTele   +   (boots unavailable)
Stlth    ++........             (no amulet)
HPRegen  0.18/turn              l - ring of protection from cold
MPRegen  0.13/turn              i - ring of protection from fire

@: brilliant, tree-form (expiring)
A: very small, unfitting armour, see invisible
a: Depart the Abyss, Bend Space, Banish, Corrupt, Renounce Religion


You were on level 6 of the Dungeon.
You worshipped Lugonu.
Lugonu was greatly pleased with you.
You were a tree.
You visited 2 branches of the dungeon, and saw 7 of its levels.

You collected 244 gold pieces.

Inventory:

Hand Weapons
 q - a +1 short sword of flaming (weapon)
Armour
 u - a +2 robe of cold resistance (melded)
Jewellery
 d - an uncursed ring of flight
 i - a ring of protection from fire (right branch)
 l - a ring of protection from cold (left branch)
Scrolls
 a - a scroll of enchant armour
 c - 5 scrolls of identify
 j - a scroll of teleportation
 w - a scroll of amnesia
Potions
 b - 2 potions of brilliance
 e - a potion of lignification
 g - a potion of mutation
 k - 2 potions of curing
 m - 2 potions of attraction


   Skills:
 + Level 8.1 Dodging
 - Level 3.0 Stealth
 - Level 2.6 Spellcasting
 * Level 7.9 Necromancy
 + Level 4.2 Invocations


You had 3 spell levels left.
You knew the following spells:

 Your Spells              Type           Power        Failure   Level
a - Pain                  Necr           ####         1%          1
b - Animate Skeleton      Necr           #####.       1%          1
c - Vampiric Draining     Necr           #####.....   1%          3
d - Animate Dead          Necr           #####.....   6%          4

Your spell library contained the following spells:

 Spells                   Type           Power        Failure   Level
 Agony                    Necr           #####...     19%         5


Dungeon Overview and Level Annotations

Branches:
Dungeon (6/15)             Temple (1/1) D:4

Altars:
Cheibriados
Okawaru
Ru
Sif Muna
The Shining One
Lugonu

Annotations:
D:3 Grinder


Innate Abilities, Weirdness & Mutations

You are very small and have problems with some larger weapons.
You are too small for most types of armour.
You have supernaturally acute eyesight. (SInv)
((You cover ground extremely quickly.))
((You have sharp fingernails.))
((You are partially covered in slimy green scales. (AC +2)))


Message History

The ooze barely misses you.
The shadow imp hits you but does no damage.
You hit the shadow imp. You burn the shadow imp.
You kill the shadow imp!
Lugonu accepts your kill.
Your transformation is almost over.
The orc warrior hits you with a +0 long sword.
* * * LOW HITPOINT WARNING * * *
The ooze hits you.
* * * LOW HITPOINT WARNING * * *
You hit the orc wizard but do no damage.
The orc warrior hits you but does no damage.
The ooze barely misses you.
The orc wizard gestures at you while chanting.
The puff of flame hits you. You resist.
* * * LOW HITPOINT WARNING * * *
You hit the orc wizard. You burn the orc wizard.
The orc wizard is moderately wounded.
The orc warrior hits you with a +0 long sword!
You die...

....# ########## ########....#
#........# .............#
########........##.............
# ....o.o..........' ..........
.. ########........#
........5#### ########...†..Zo#
............#
.......Z......Yo###########'#
......oo.....ooo♣)..$.......#
......o.######oJ###########.##
......oo# ##o# #.......## #
........# #.# #.###....# #
........# #.. ###'##.....# #
........# ##.# #....#.....# #
........# .# #....##...<#.#
######### .. #...†........#
########..####


You could see an orc warrior, an ice beast, an orc wizard, an ooze, 5 orcs and a
quokka zombie.

Vanquished Creatures
  Duvessa (D:4)
  A water moccasin (D:6)
  A phantom (D:5)
  2 ogres (D:6)
  A bullfrog (D:6)
  Dowan (D:4)
  3 scorpions
  A howler monkey (D:5)
  A crimson imp (D:4)
  A bullfrog zombie (D:5)
  A jelly (D:5)
  3 orc wizards
  2 hounds
  2 orc priests (D:6)
  4 worker ants
  An iguana (D:4)
  5 adders
  A shadow imp (D:6)
  2 white imps (D:6)
  An ooze (D:3)
  An adder skeleton (D:6)
  An adder zombie (D:5)
  2 worms
  6 leopard geckos
  15 orcs
  5 giant cockroaches
  2 goblins
  7 hobgoblins
  6 jackals
  4 quokkas
  2 ball pythons
  10 bats
  5 frilled lizards
  A goblin skeleton (D:4)
  2 hobgoblin zombies (D:4)
  6 kobolds
  A kobold skeleton (D:4)
  2 orc skeletons (D:4)
  3 orc zombies (D:4)
  4 rats (D:2)
120 creatures vanquished.

Notes
Turn   | Place    | Note
-------+----------+-------------------------------------------
     0 | D:1      | Lanoc the Spriggan Necromancer began the quest for the Orb.
     0 | D:1      | Reached XP level 1. HP: 9/9 MP: 5/5
   211 | D:2      | Learned a level 1 spell: Animate Skeleton
   296 | D:2      | Reached XP level 2. HP: 7/13 MP: 0/6
   932 | D:3      | Noticed Grinder
  1073 | D:2      | Reached XP level 3. HP: 5/16 MP: 0/8
  1151 | D:2      | Learned a level 3 spell: Vampiric Draining
  1515 | D:3      | Found a sacrificial altar of Ru.
  1524 | D:3      | Reached skill level 4 in Dodging
  1927 | D:3      | Reached XP level 4. HP: 14/21 MP: 2/9
  2186 | D:3      | Found a faded altar of an unknown god.
  2188 | D:3      | Became a worshipper of Lugonu the Unformed
  2188 | D:3      | Reached * piety under Lugonu
  2188 | D:3      | Reached ** piety under Lugonu
  2730 | D:3      | Found a snail-covered altar of Cheibriados.
  2892 | D:3      | Paralysed by Grinder for 4 turns
  2944 | D:4      | Reached skill level 5 in Necromancy
  2944 | D:4      | Reached XP level 5. HP: 17/24 MP: 2/10
  2950 | D:4      | Learned a level 4 spell: Animate Dead
  3138 | D:4      | Found a glowing golden altar of the Shining One.
  3148 | D:4      | Noticed Duvessa
  3149 | D:4      | Noticed Dowan
  3158 | D:4      | Found a staircase to the Ecumenical Temple.
  3165 | Temple   | Entered the Ecumenical Temple
  3498 | D:4      | Killed Duvessa
  3498 | D:4      | Reached skill level 5 in Dodging
  3498 | D:4      | Reached skill level 1 in Invocations
  3526 | D:5      | Entered Level 5 of the Dungeon
  3687 | D:5      | Reached XP level 6. HP: 23/28 MP: 5/11
  4249 | D:5      | Reached *** piety under Lugonu
  4249 | D:5      | Reached skill level 6 in Dodging
  4997 | D:4      | Reached XP level 7. HP: 10/32 MP: 0/12
  5847 | D:4      | Killed Dowan
  6766 | D:5      | Gained mutation: You have sharp fingernails. [potion of
                  | mutation]
  6766 | D:5      | Gained mutation: You are partially covered in slimy green
                  | scales. (AC +2) [potion of mutation]
  7072 | D:5      | Reached skill level 7 in Dodging
  7346 | D:6      | Reached **** piety under Lugonu
  7346 | D:6      | Reached XP level 8. HP: 12/36 MP: 0/13
  7601 | D:6      | Reached skill level 8 in Dodging
  7610 | D:6      | Mangled by an orc warrior

Illustrated notes

Levels and vault maps discovered:
D:1:      dpeg_arrival_rooms_b, layout_loops_corners,
          minmay_misc_feat_secret_circle, chequers_serial_rivers_room_a
D:2:      layout_basic, grunt_temple_overflow_growth_and_decay
D:3:      layout_loops_corners, cheibriados_altar_1,
          chequers_ecumenical_altar_twisty, nicolae_ru_great_annihilating_truth,
          uniq_grinder
D:4:      layout_basic, nicolae_tso_besieged_by_evil,
          minmay_temple_entry_steel_oval, grunt_ministairs_3, uniq_duvessa
D:5:      layout_basic
D:6:      layout_basic, lemuel_doored_altar, portal_sewer_entry_e
Temple:   dpeg_chambers_temple

Skill      XL: |  1  2  3  4  5  6  7  8 |
---------------+-------------------------+-----
Necromancy     | 4 5 6 7 |  7.9
Dodging        | 4 5 6 7 8 |  8.1
Invocations    | 1 2 3 4 |  4.2
Stealth        | |  3.0
Spellcasting   | |  2.6

Action                   |  1- 3 |  4- 6 |  7- 9 || total
-------------------------+-------+-------+-------++-------
Melee: Unarmed           |    11 |     6 |       ||    17
       Dagger            |       |    79 |   213 ||   292
       Short sword       |       |       |    60 ||    60
 Cast: Pain              |    72 |    94 |    30 ||   196
       Vampiric Draining |       |     6 |    16 ||    22
Evoke: Wand              |       |       |     5 ||     5
  Use: Scroll            |       |       |    12 ||    12
       Potion            |       |       |    10 ||    10
 Stab: Sleeping          |       |     1 |     2 ||     3
       Invisible         |       |       |     1 ||     1
Armor: Robe              |     4 |     7 |    16 ||    27
       Skin              |       |       |    59 ||    59
Dodge: Dodged            |    26 |   129 |   252 ||   407

Table legend: (Time is in decaauts)
 A = Elapsed time spent in this place.
 B = Non-inter-level travel time spent in this place.
 C = Inter-level travel time spent in this place.
 D = Time resting spent in this place.
 E = Time spent auto-exploring this place.
 F = Levels seen in this place.
 G = Mean time per level.
                   A        B        C        D        E       F      G
               +--------+--------+--------+--------+--------+-----+--------+
         Total |   6341 |   6292 |     49 |    732 |   4120 |   7 |  905.9 |
       Dungeon |   6073 |   6024 |     49 |    471 |   4120 |   6 | 1012.2 |
        Temple |    267 |    267 |      0 |    261 |      0 |   1 |  267.0 |
               +--------+--------+--------+--------+--------+-----+--------+

Top non-repeatable levels by time:
     D:5: 1705 daAuts
     D:3: 1535 daAuts
     D:4: 1253 daAuts
     D:2: 1112 daAuts
     D:6: 305 daAuts
  Temple: 267 daAuts
     D:1: 161 daAuts
